 Dungeon Crawl Stone Soup version 0.32-a0-918-g0f22ef8d61 (webtiles) character file.

Game seed: 15401141070632188337

1642 Heh the Carver (level 8, 0/55 (56) HPs)
             Began as a Coglin Gladiator on Apr 10, 2024.
             Slain by a gnoll bouda
             ... wielding a +0 club
              (8 damage)
             ... on level 6 of the Dungeon.
             The game lasted 00:08:03 (5051 turns).

Heh the Carver (Coglin Gladiator)                   Turns: 5051, Time: 00:08:04

HP:   0/55 (56)     AC: 10    Str: 14    XL:     8   Next: 99%
MP:   8/8           EV:  9    Int:  8    God:
Gold: 232           SH:  0    Dex: 21    Spells: 7/7 levels left

rFire   + + .        a - +0 long sword {Gnaeus}
rCold   x . .        E - +4 dagger "Ezokkoek" {speed, rPois Will+ Dex+3}
rNeg    . . .        z - +1 fire dragon scales
rPois   +            c - +0 helmet
rElec   .            (no cloak)
rCorr   .            (no gloves)
SInv    .            (no boots)
Will    +....        (amulet unavailable) Stlth
                     (ring unavailable)
HPRegen 0.29/turn    (ring unavailable)
MPRegen 0.11/turn    (no gizmo)

%: no passive effects
@: weakened, lightly drained, revving
A: off-hand wielding, slow wielding, warmup strikes, no jewellery
a: Invent Gizmo


You were on level 6 of the Dungeon.
You visited 1 branch of the dungeon, and saw 6 of its levels.
You also visited: Ossuary.

You collected 276 gold pieces.
You spent 44 gold pieces at shops.

Inventory:

Hand Weapons
 a - a +0 long sword (weapon) {Gnaeus}
 f - a +0 dagger {Hans}
 h - a +2 dagger of draining {Jihoo}
 B - a +2 dagger of venom {Kulveer}
 E - the +4 dagger "Ezokkoek" (offhand) {speed, rPois Will+ Dex+3}
   (You found it on level 5 of the Dungeon)

   Dex+3:     It affects your dexterity (+3).
   rPois:     It protects you from poison.
   Will+:     It increases your willpower.
 F - a +0 long sword {Belshunu}
Missiles
 d - 2 throwing nets
 e - a javelin (quivered)
Armour
 b - a +0 leather armour
 c - a +0 helmet (worn)
 z - +1 fire dragon scales (worn)
 A - a +0 ring mail
Wands
 t - a wand of polymorph (6)
Scrolls
 i - 3 scrolls of poison
 k - a scroll of teleportation
 r - a scroll of enchant armour
 u - a scroll of vulnerability
 w - a scroll of noise
 y - a scroll of immolation
 D - a scroll of identify
Potions
 j - a potion of brilliance {unknown}
 l - a potion of mutation {unknown}
 m - a potion of lignification {unknown}
 n - 2 potions of degeneration {unknown}
 o - 3 potions of enlightenment {unknown}
 p - a potion of attraction {unknown}
 q - a potion of berserk rage {unknown}
 s - 5 potions of curing {unknown}
 v - 2 potions of heal wounds {unknown}
 x - 3 potions of haste {unknown}
 C - a potion of ambrosia {unknown}
 G - a potion of cancellation {unknown}


   Skills:
 - Level 2.0 Fighting
 + Level 11.4 Long Blades
 - Level 1.7 Throwing
 - Level 2.6 Dodging


You had 7 spell levels left.
You didn't know any spells.
Your spell library contained the following spells:

 Spells                   Type           Power      Damage    Failure   Level
 Apportation              Tloc           0%         N/A       95%         1
 Ensorcelled Hibernation  Hex/Ice        0%         N/A       99%         2
 Jinxbite                 Hex            0%         N/A       99%         2
 Dazzling Flash           Conj/Hex       0%         N/A       100%        3
 Passwall                 Erth           0%         N/A       100%        3
 Swiftness                Air            0%         N/A       100%        3
 Tukima's Dance           Hex            0%         N/A       100%        3
 Leda's Liquefaction      Alch/Erth      0%         N/A       100%        4
 Passage of Golubria      Tloc           0%         N/A       100%        4
 Alistair's Intoxication  Alch           0%         N/A       100%        5
 Lee's Rapid Deconstruct  Erth           0%         3d4*      100%        5
 Yara's Violent Unravell  Hex/Alch       0%         3d3       100%        5
 Permafrost Eruption      Ice/Erth       0%         2x4d1     100%        6
 Starburst                Conj/Fire      0%         6d3       100%        6
 Maxwell's Capacitive Co  Air            0%         ∞         100%        8


Dungeon Overview and Level Annotations

Branches:
Dungeon (6/15)             Temple (0/1) D:5         Ossuary (visited)

Altars:
Dithmenos
Qazlal
Uskayaw
Yredelemnul

Shops:
D:4 ?


Innate Abilities, Weirdness & Mutations

You can wield a second weapon in your off-hand.
It takes a long time for you to wield or remove held weapons.
Your first few attacks do less damage.
You cannot equip rings or amulets.


Message History

The gnoll shouts!
The gnoll bouda gazes fiercely through you!
You feel your attacks grow feeble.
A gnoll comes into view. It is wielding a +0 spear.
The gnoll bouda barks out a call to the hunt!
The gnolls pick up the pace!
The gnoll bouda barks out a call to the hunt!
The gnolls pick up the pace!
The gnoll hits you from afar with a +0 spear.
You hit the gnoll bouda but do no damage.
You closely miss the gnoll bouda with your +0 long sword.
The gnoll bouda hits you but does no damage.
The gnoll hits you from afar with a +0 spear.
The gnoll hits you but does no damage.
You hit the gnoll bouda but do no damage.
You hit the gnoll bouda with your +0 long sword.
The gnoll bouda hits you with a +0 club.
The gnoll hits you from afar with a +0 spear.
The gnoll hits you but does no damage.
You hit the gnoll bouda with your +0 long sword.
The gnoll bouda is lightly wounded.
You hit the gnoll bouda with the +4 dagger "Ezokkoek".
The gnoll bouda gazes fiercely through you!
You feel as though you will be weak longer.
The gnoll bouda hits you with a +0 club.
* * * LOW HITPOINT WARNING * * *
The gnoll bouda barks out a call to the hunt!
The gnoll bouda picks up the pace!
The gnoll attacks as it pursues you! The gnoll hits you but does no damage.
The gnoll hits you from afar with a +0 spear.
* * * LOW HITPOINT WARNING * * *
You hear a shout!
The gnoll bouda gazes fiercely through you!
You feel as though you will be weak longer.
The gnoll bouda attacks as it pursues you!
The gnoll bouda hits you but does no damage.
The gnoll hits you from afar with a +0 spear.
* * * LOW HITPOINT WARNING * * *
The gnoll bouda hits you with a +0 club!
You die...

##§........# #.#....#
≈§≈...[....# #.#....#
............##.#<...#...
.............)..........
...)....................
#.#..........g####..#.#.
...............# ..# #
.............gg###..#.#.
#.#.........#..g@.......
.......g..........
..............#.##
................#
...#..#...........
.....#...##..#.##
....#.... ..#.# .# #...#
... #


You could see a gnoll bouda (swift) and 3 gnolls.

Vanquished Creatures
  2 ogres
  A weeping skull (Ossuary)
  A bullfrog (D:4)
  4 scorpions
  3 wights
  3 jellies (D:5)
  4 bullfrog zombies (Ossuary)
  A centaur zombie (Ossuary)
  2 hounds
  A sleepcap (D:5)
  3 scorpion zombies (Ossuary)
  3 iguanas
  Natasha (thrice) (D:2)
  4 orc wizards
  6 gnolls
  7 adders
  2 ufetubi (D:5)
  4 adder zombies
  An adder skeleton (D:2)
  3 dart slugs
  2 ribbon worms (D:2)
  20 orcs
  10 ball pythons
  A bat skeleton (D:2)
  A bat zombie (D:2)
  9 endoplasms
  2 giant cockroaches (D:2)
  4 gnoll zombies (Ossuary)
  4 goblins
  5 hobgoblins
  2 jackals (D:2)
  5 kobolds
  8 quokkas
  A ball python skeleton (D:2)
  5 bats
  3 frilled lizards
  3 goblin zombies (Ossuary)
  2 hobgoblin zombies (Ossuary)
  2 orc zombies (Ossuary)
  5 rats
152 creatures vanquished.

Notes
Turn   | Place    | Note
-------+----------+-------------------------------------------
     0 | D:1      | Heh the Coglin Gladiator began the quest for the Orb.
     0 | D:1      | Reached XP level 1. HP: 16/16 MP: 1/1
   110 | D:1      | Reached XP level 2. HP: 16/22 MP: 2/2
   754 | D:2      | Reached skill level 4 in Long Blades
   782 | D:2      | Reached XP level 3. HP: 27/27 MP: 3/3
   837 | D:2      | Noticed Natasha
   844 | D:2      | HP: 1/27 [cerulean imp/+2 spear[Natasha] (5)]
   845 | D:2      | Killed Natasha
   846 | D:2      | Reached XP level 4. HP: 1/33 MP: 4/4
  1006 | D:2      | Noticed Natasha
  1013 | D:2      | Killed Natasha
  1014 | D:2      | Reached skill level 5 in Long Blades
  1046 | D:2      | Found a hide-covered altar of Uskayaw.
  1363 | D:2      | Noticed Natasha
  1372 | D:2      | Killed Natasha
  1373 | D:2      | Reached XP level 5. HP: 25/38 MP: 5/5
  1652 | D:3      | Reached skill level 6 in Long Blades
  1979 | D:3      | Found a basalt altar of Yredelemnul.
  1999 | D:3      | Found a stormy altar of Qazlal.
  2173 | D:4      | Reached XP level 6. HP: 18/44 MP: 6/6
  2362 | D:4      | Reached skill level 7 in Long Blades
  2726 | D:4      | Reached XP level 7. HP: 24/50 MP: 7/7
  2933 | D:4      | Reached skill level 8 in Long Blades
  2964 | D:4      | Found The Oracle's Delphic Readings.
  2998 | D:4      | Bought a scroll of identify for 22 gold pieces
  3138 | D:4      | Bought a scroll of identify for 22 gold pieces
  3247 | D:4      | Found a shadowy altar of Dithmenos.
  3307 | D:5      | Entered Level 5 of the Dungeon
  3467 | D:5      | Found a staircase to the Ecumenical Temple.
  3489 | D:5      | Reached skill level 9 in Long Blades
  3621 | D:5      | Reached XP level 8. HP: 32/56 MP: 8/8
  3724 | D:5      | Found a sand-covered staircase.
  3731 | Ossuary  | Entered an ossuary
  3919 | Ossuary  | Reached skill level 10 in Long Blades
  3997 | Ossuary  | Noticed a silent spectre
  4258 | D:5      | Identified the +4 dagger "Ezokkoek" {speed, rPois Will+
                  | Dex+3}
  4452 | D:5      | Reached skill level 11 in Long Blades
  5051 | D:6      | Slain by a gnoll bouda

Illustrated notes

Levels and vault maps discovered:
D:1:      lightli_arrival_statue_moat, layout_basic
D:2:      layout_loops_ring, basic_altar, serial_undead, serial_undead_a,
          serial_undead_a, serial_undead_c, serial_undead_c,
          minmay_fountain_box, uniq_natasha
D:3:      layout_rooms, mainiacjoe_overflow_catwalk_spiral,
          serial_bayou_crossing
D:4:      layout_cave_pools, nicolae_overflow_crystal_walls,
          nicolae_nh_oracle_at_delphi
D:5:      layout_basic, minmay_temple_entry_large_hall,
          chequers_ossuary_entry_cave, hangedman_abyss_or_decor_stagger
D:6:      layout_basic, serial_glass, glass_columns_a, glass_columns_b,
          kennysheep_boxes

Skill      XL: |  1  2  3  4  5  6  7  8 |
---------------+-------------------------+-----
Long Blades    | 4 5 6 7 9 11 | 11.4
Fighting       | |  2.0
Throwing       | |  1.7
Dodging        | |  2.6

Action                     |  1- 3 |  4- 6 |  7- 9 || total
---------------------------+-------+-------+-------++-------
  Melee: Long sword        |    40 |   132 |   202 ||   374
         Dagger            |    38 |   113 |   186 ||   337
         Unarmed           |       |     4 |       ||     4
  Throw: Throwing net      |       |     1 |       ||     1
         Javelin           |       |       |     2 ||     2
    Use: Scroll            |       |       |     7 ||     7
         Potion            |       |       |     1 ||     1
   Stab: Sleeping          |       |     3 |       ||     3
         Held in net/web   |       |     1 |       ||     1
         Invisible         |       |       |     1 ||     1
 Armour: Leather armour    |    36 |    64 |       ||   100
         Skin              |       |     4 |       ||     4
         Fire dragon scale |       |    18 |   191 ||   209
  Dodge: Dodged            |    43 |    66 |    82 ||   191

Table legend: (Time is in decaauts)
 A = Elapsed time spent in this place.
 B = Non-inter-level travel time spent in this place.
 C = Inter-level travel time spent in this place.
 D = Time resting spent in this place.
 E = Time spent auto-exploring this place.
 F = Levels seen in this place.
 G = Mean time per level.
                   A        B        C        D        E       F      G
               +--------+--------+--------+--------+--------+-----+--------+
         Total |   5025 |   4772 |    253 |    209 |   3535 |   7 |  717.9 |
       Dungeon |   4733 |   4480 |    253 |    209 |   3381 |   6 |  788.8 |
       Ossuary |    292 |    292 |      0 |      0 |    154 |   1 |  292.0 |
               +--------+--------+--------+--------+--------+-----+--------+

Top non-repeatable levels by time:
     D:5: 1228 daAuts
     D:4: 1002 daAuts
     D:2: 863 daAuts
     D:1: 750 daAuts
     D:3: 706 daAuts
 Ossuary: 292 daAuts
     D:6: 182 daAuts
